 Dungeon Crawl Stone Soup version 0.27-a0-1105-g946c659c87 (webtiles) character file.

Game seed: 7249772777220597348

52 kae the Skirmisher (level 3, -1/29 HPs)
             Began as a Demonspawn Abyssal Knight on Apr 30, 2021.
             Was a Follower of Lugonu.
             Succumbed to an adder's poison
             ... on level 3 of the Dungeon.
             The game lasted 00:01:40 (1938 turns).

kae the Skirmisher (Demonspawn Abyssal Knight)      Turns: 1938, Time: 00:01:41

Health: -1/29      AC:  3    Str: 13    XL:     3   Next: 60%
Magic:  5/5        EV: 11    Int: 13    God:    Lugonu [*.....]
Gold:   19         SH:  0    Dex: 12    Spells: 2/2 levels left

rFire    + . .     SeeInvis .   a - +1 falchion
rCold    + . .     Faith    .   (no shield)
rNeg     . . .     Spirit   .   b - +0 leather armour
rPois    .         Reflect  .   (no helmet)
rElec    .         Harm     .   g - scarf {rC+ rF+}
rCorr    .         Rampage  .   (no gloves)
Will     .....                  (no boots)
Stlth    +.........             (no amulet)
HPRegen  0.09/turn              (no ring)
MPRegen  0.09/turn              (no ring)

@: brilliant, lethally poisoned (-1 -> -7)
A: powered by pain 1, sturdy frame 1
a: Renounce Religion, Depart the Abyss


You were on level 3 of the Dungeon.
You worshipped Lugonu.
Lugonu was aware of your devotion.
You visited 1 branch of the dungeon, and saw 3 of its levels.
You visited the Abyss 1 time.

You collected 19 gold pieces.

Inventory:

Hand Weapons
 a - a +1 falchion (weapon)
Armour
 b - a +0 leather armour (worn)
 g - a scarf of resistance (worn)
Jewellery
 d - a ring of wizardry
Scrolls
 e - 3 scrolls of enchant weapon {unknown}
 h - a scroll of torment {unknown}
 i - a scroll of identify {unknown}
 j - a scroll of teleportation {unknown}


   Skills:
 + Level 3.3 Fighting
 * Level 2.6 Long Blades
 + Level 2.2 Armour
 - Level 0.8 Dodging
 + Level 3.2 Invocations


You had 2 spell levels left.
You didn't know any spells.
Your spell library was empty.

Dungeon Overview and Level Annotations

Branches:
Dungeon (2/15)

Altars:

Shops:
D:1 (


Innate Abilities, Weirdness & Mutations

You sometimes gain a little power by taking damage.
Your movements are slightly less encumbered by armour. (ER -2)


Message History

The adder is severely wounded.
You feel sick. The adder bites you.
* * * LOW HITPOINT WARNING * * *
You feel a little less mighty now.
You feel sick.
You are no longer poisoned.
The adder hisses angrily.
The adder barely misses you.
It was a potion of curing.
You feel better. The adder barely misses you.
You riposte.
You hit the adder.
The adder is almost dead.
You closely miss the adder.
The adder is almost dead.
The adder bites you.
* * * LOW HITPOINT WARNING * * *
You are poisoned.
The adder poisons you!
You slash the adder!
You kill the adder!
Lugonu accepts your kill.
You feel sick.
You hit the adder.
The adder is lightly wounded.
You feel sick. The adder bites you.
* * * LOW HITPOINT WARNING * * *
The adder misses you.
You hit the adder.
The adder is heavily wounded.
You feel sick.
You are no longer poisoned.
The adder bites you but does no damage.
You hit the adder.
The adder is severely wounded.
The adder barely misses you. The adder bites you.
* * * LOW HITPOINT WARNING * * *
You are lethally poisoned!
The adder poisons you!
It was a potion of brilliance.
You feel clever all of a sudden.
You die...

... ...# .... #
.<...## #.# #
...#...####...$ ..
............# .#####
#........# ...... #S#
#.....# #@##
####.......
##..###..........
#....)).........#
.....#...##........#
..##..##..#...##..###
##>........# .#
..........# #
###.......# ...#.....


You could see an adder.

Vanquished Creatures
  2 adders
  A dart slug (D:2)
  4 orcs (D:3)
  2 endoplasms
  A giant cockroach (D:1)
  4 goblins
  2 hobgoblins (D:1)
  A ball python (D:1)
  4 bats
  A frilled lizard (D:1)
  3 kobolds (D:1)
  3 rats (D:1)
28 creatures vanquished.

Notes
Turn   | Place    | Note
-------+----------+-------------------------------------------
     0 | Abyss:1  | kae the Demonspawn Abyssal Knight began the quest for the
                  | Orb.
     0 | Abyss:1  | Reached XP level 1. HP: 18/18 MP: 2/2
   272 | Abyss:1  | Noticed a small abomination
   304 | D:1      | Escaped the Abyss
   773 | D:1      | Found Qynnuup's Weapon Emporium.
   783 | D:1      | Gained mutation: You sometimes gain a little power by
                  | taking damage. [demonic ancestry]
   783 | D:1      | Reached XP level 2. HP: 24/24 MP: 4/4
   952 | D:1      | Reached * piety under Lugonu
  1854 | D:2      | Gained mutation: Your movements are slightly less
                  | encumbered by armour. (ER -2) [demonic ancestry]
  1854 | D:2      | Reached XP level 3. HP: 29/29 MP: 5/5
  1887 | D:2      | You fall into a shaft and drop 1 floor!
  1937 | D:3      | HP: 1/29 [adder (1)]
  1938 | D:3      | Succumbed to an adder's poison

Illustrated notes

Levels and vault maps discovered:
D:1:      tarquinn_simple_flora_water_e, layout_basic, serial_forest,
          infiniplex_forest_lined_room_2, infiniplex_forest_end_2,
          infiniplex_forest_clump_long, infiniplex_forest_straight_3,
          infiniplex_forest_corner_1, infiniplex_forest_side_room,
          infiniplex_forest_lined_corner, serial_shops, shop, eino_curves_04,
          roderic_roman_lattice
D:2:      layout_basic, serial_shops, shop, nrook_mini_vaults,
          grunt_ministairs_3, grunt_decor_cap
D:3:      layout_rooms, nicolae_overflow_hidden_temple

Skill      XL: |  1  2 |
---------------+-------+-----
Long Blades    | 2 |  2.6
Armour         | 2 |  2.2
Invocations    | 3 |  3.2
Fighting       | |  3.3
Dodging        | |  0.8

Action                   || total
-------------------------++-------
Melee: Falchion          ||    64
Invok: Depart the Abyss  ||     1
  Use: Potion            ||     2
 Stab: Sleeping          ||     1
Armor: Leather armour    ||    18
Dodge: Dodged            ||    27
       Rpst.: Falchion   ||    11

Table legend: (Time is in decaauts)
 A = Elapsed time spent in this place.
 B = Non-inter-level travel time spent in this place.
 C = Inter-level travel time spent in this place.
 D = Time resting spent in this place.
 E = Time spent auto-exploring this place.
 F = Levels seen in this place.
 G = Mean time per level.
                   A        B        C        D        E       F      G
               +--------+--------+--------+--------+--------+-----+--------+
         Total |   1949 |   1908 |     41 |     16 |   1675 |   4 |  487.2 |
       Dungeon |   1645 |   1604 |     41 |     16 |   1406 |   3 |  548.3 |
         Abyss |    304 |    304 |      0 |      0 |    269 |   1 |  304.0 |
               +--------+--------+--------+--------+--------+-----+--------+

Top non-repeatable levels by time:
     D:1: 1364 daAuts
 Abyss:1: 304 daAuts
     D:2: 227 daAuts
     D:3: 54 daAuts
